Map: Terraform LE (Void)

Players

EverZtelecoM (telecom) - Winner!

  • Race: Zerg Zerg
  • League: Platinum

llllllllllll

  • Race: Protoss Protoss
  • League: Platinum

VOD

Have the link to the VOD?

Description

Time

  • Played on: Oct. 1, 2015, 12:09 p.m.
  • Length: 11:45
Show
View Real Time Build Order
Export as new Build Order

EverZtelecoM Zerg - Winner!

Build Orders: Pool First 

Get SALT Encoding   

  12  0:17  Spawning Pool  
  11  0:22  Drone  
  11  0:26  Drone  
  13  0:30  Drone  
  14  0:39  Overlord  
  14  1:04  Zergling x4, Queen  
  14  1:05  Zergling x2  
  19  1:16  Drone  
  20  1:27  Drone  
  21  1:36  Hatchery  
  21  1:39  Drone  
  21  1:49  Drone  
  22  2:01  Overlord  
  22  2:19  Queen  
  24  2:25  Drone  
  24  2:27  Drone  
  26  2:30  Drone  
  26  2:35  Hatchery, Drone  
  27  2:39  Drone  
  27  2:40  Drone  
  29  2:47  Drone  
  29  2:48  Drone  
  31  2:52  Drone  
  31  2:57  Overlord  
  32  2:59  Drone  
  32  3:01  Drone  
  32  3:04  Drone  
  35  3:06  Drone  
  35  3:12  Overlord  
  36  3:17  Queen  
  38  3:20  Drone  
  38  3:22  Drone  
  38  3:26  Drone x2  
  42  3:29  Overlord  
  42  3:33  Drone x2  
  44  3:35  Drone  
  44  3:41  Drone x3  
  46  3:49  Drone x3  
  46  3:53  Drone x4  
  53  4:00  Extractor  
  53  4:02  Drone x2  
  53  4:03  Extractor  
  53  4:05  Queen  
  54  4:10  Queen  
  54  4:12  Drone x2  
  54  4:15  Overlord  
  54  4:16  Drone x2  
  60  4:22  Zergling x4  
  62  4:24  Drone  
  62  4:28  Spore Crawler x2, Drone  
  62  4:31  Drone  
  63  4:34  Drone x3  
  63  4:35  Zergling x6  
  63  4:38  Drone x3  
  72  4:42  Overlord  
  72  4:50  Zergling x2  
  72  4:51  Drone  
  74  4:54  Roach Warren  
  74  4:55  Evolution Chamber  
  74  4:59  Evolution Chamber  
  72  5:00  Zergling x2  
  72  5:03  Metabolic Boost, Drone  
  72  5:05  Drone x6  
  79  5:10  Drone, Extractor x2  
  79  5:12  Spore Crawler  
  79  5:13  Drone x2, Overlord  
  79  5:14  Overlord  
  79  5:15  Zergling x2  
  79  5:18  Lair  
  80  5:22  Zergling x2  
  80  5:23  Drone  
  80  5:24  Drone, Extractor  
  80  5:25  Extractor  
  81  5:29  Zergling x2  
  81  5:33  Overlord x2  
  82  5:37  Zerg Melee Weapons Level 1  
  82  5:38  Zergling x2  
  82  5:39  Overlord, Zergling x4  
  85  5:44  Drone  
  85  5:45  Overlord x2  
  85  5:47  Drone  
  87  5:51  Drone, Spine Crawler  
  87  5:53  Spine Crawler  
  87  5:55  Drone x4  
  90  5:57  Roach  
  90  5:58  Roach  
  90  6:01  Roach  
  90  6:03  Roach  
  97  6:06  Roach x2  
  101  6:12  Roach, Zerg Ground Armor Level 1  
  101  6:13  Roach  
  101  6:15  Roach  
  101  6:17  Roach  
  108  6:33  Roach x2  
  108  6:34  Roach  
  108  6:38  Roach  
  116  6:40  Hatchery  
  116  6:41  Glial Reconstitution  
  116  6:46  Roach x3  
  121  6:52  Overlord  
  116  7:09  Roach  
  116  7:10  Roach x2  
  116  7:17  Roach  
  116  7:18  Roach x7  
  131  7:24  Zergling x8  
  131  7:25  Zergling x6  
  138  7:30  Overlord  
  138  7:52  Overlord x3  
  138  7:53  Overlord  
  134  8:05  Hatchery, Roach  
  134  8:06  Roach, Zergling x2  
  134  8:07  Zergling x4  
  134  8:12  Drone x3  
  141  8:13  Zerg Melee Weapons Level 2  
  141  8:14  Zerg Ground Armor Level 2  
  141  8:22  Drone  
  142  8:30  Roach x12  
  142  8:32  Overseer  
  142  8:33  Overseer x2  
  163  8:48  Roach x2  
  165  8:52  Hydralisk Den  
  165  8:53  Drone, Infestation Pit  
  162  8:56  Extractor  
  162  8:58  Drone, Extractor  
  161  9:04  Drone x9  
  170  9:21  Hydralisk x3  
  176  9:25  Overlord x4, Muscular Augments  
  176  9:30  Extractor  
  172  9:48  Zergling x4  
  172  9:49  Zergling x4  
  172  9:52  Burrow  
  176  9:58  Ravager  
  176  9:59  Ravager x7  
  184  10:01  Zergling x22  
  184  10:02  Zergling x10  
  200  10:09  Spore Crawler  
  200  10:12  Spine Crawler x2  
  200  10:13  Drone x2  
  199  10:24  Pathogen Glands  
  199  10:32  Zergling x2  
  199  10:57  Hydralisk x2  
  192  10:58  Infestor  
  198  11:06  Evolution Chamber  
  198  11:09  Unknown  
  197  11:20  Hatchery  
  190  11:29  Hatchery  
Show
View Real Time Build Order
Export as new Build Order

llllllllllll Protoss 

Build Orders:  

Get SALT Encoding   

  12  0:00  Probe (Chrono Boost)  
  13  0:10  Probe (Chrono Boost)  
  14  0:21  Probe (Chrono Boost), Pylon  
  15  0:38  Probe (Chrono Boost)  
  16  0:48  Probe (Chrono Boost)  
  17  0:58  Probe (Chrono Boost)  
  18  1:11  Gateway, Assimilator  
  18  1:13  Probe (Chrono Boost)  
  18  1:14  Assimilator  
  19  1:30  Forge  
  19  1:34  Pylon  
  19  1:46  Probe (Chrono Boost)  
  19  1:56  Probe (Chrono Boost), Zealot (Chrono Boost)  
  22  2:03  Photon Cannon  
  22  2:13  Cybernetics Core  
  22  2:15  Photon Cannon  
  22  2:19  Cybernetics Core  
  22  2:26  Gateway  
  22  2:37  Probe (Chrono Boost)  
  23  2:47  Probe (Chrono Boost), Pylon, Warp Gate (Chrono Boost)  
  24  2:54  Protoss Ground Weapons Level 1  
  24  2:57  Mothership Core (Chrono Boost)  
  26  3:15  Probe (Chrono Boost)  
  26  3:16  Stalker  
  29  3:27  Probe  
  30  3:35  Nexus  
  30  3:37  Pylon  
  30  3:41  Probe  
  31  3:56  Probe  
  32  4:08  Gateway, Probe  
  33  4:10  Gateway  
  33  4:21  Probe  
  34  4:24  Pylon  
  34  4:33  Probe  
  35  4:45  Probe  
  36  4:57  Probe  
  37  5:00  Gateway x2  
  37  5:09  Probe  
  37  5:11  Stalker x3  
  44  5:24  Probe  
  44  5:25  Pylon  
  44  5:26  Probe  
  46  5:43  Adept x3  
  52  5:50  Protoss Ground Armor Level 1  
  52  5:56  Probe x2  
  54  5:58  Stalker  
  54  6:02  Stalker  
  54  6:03  Stalker x2  
  62  6:13  Pylon  
  62  6:24  Stalker  
  62  6:25  Stalker x2  
  66  6:26  Stalker x2  
  66  6:28  Probe x2  
  74  6:45  Gateway  
  74  6:47  Probe x2  
  74  6:50  Assimilator  
  74  6:51  Assimilator  
  76  6:55  Pylon  
  76  7:00  Zealot x3  
  76  7:01  Zealot  
  84  7:24  Sentry x2  
  84  7:25  Sentry x3  
  83  8:10  Nexus  
  83  8:11  Robotics Facility  
  83  8:39  Pylon  
  83  8:40  Pylon  
  83  8:41  Pylon  
  83  8:57  Pylon  
  83  9:02  Pylon  
  83  9:05  Pylon  
  83  9:14  Immortal (Chrono Boost)  
  87  9:21  Nexus  
  87  9:22  Pylon  
  87  9:25  Pylon  
  87  9:28  Pylon  
  87  9:49  Sentry x2, Stalker  
  87  9:50  Stalker  
  87  9:51  Immortal (Chrono Boost)  
  99  9:55  Probe x2  
  101  10:21  Sentry x2  
  103  10:23  Observer (Chrono Boost)  
  103  10:25  Assimilator  
  103  10:26  Probe x2  
  103  10:27  Assimilator  
  108  10:38  Probe x2  
  108  10:40  Stalker, Immortal (Chrono Boost)  
  108  10:41  Stalker x2  
  120  10:56  Probe  
  120  10:57  Probe  
  120  10:58  Probe  
  123  11:05  Probe  
  123  11:10  Probe x2  
  130  11:19  Twilight Council  
  95  11:37  Stalker  
  95  11:38  Stalker x3  
  95  11:39  Stalker x2  
Tags
 
Add a new tag
Caveats
  • Supply blocks, unpowered buildings, or Contaminate may cause inaccurate times.
  • Supply counts are checked every 10 seconds.